 Dungeon Crawl Stone Soup version 0.25-a0-782-g655279c (webtiles) character file.

Game seed: 2279406977602961104, levelgen mode: deterministic

5495 BeowulfAlex the Geomancer (level 10, -4/63 HPs)
             Began as a Gargoyle Earth Elementalist on Apr 16, 2020.
             Was a Believer of Vehumet.
             Slain by an unseen horror (7 damage)
             ... on level 10 of the Dungeon.
             The game lasted 00:24:28 (8091 turns).

BeowulfAlex the Geomancer (GrEE)                    Turns: 8091, Time: 00:24:28

Health: -4/63      AC: 15    Str: 14    XL:     10   Next: 69%
Magic:  18/19      EV: 12    Int: 17    God:    Vehumet [**....]
Gold:   690        SH:  8    Dex: 12    Spells: 12/21 levels left

rFire    + . .     SeeInvis .   x - +9 flail of Understanding {vorpal, rF+ rC- MR+ Dex+2}
rCold    x . .     Gourm    .   L - +0 buckler
rNeg     + + .     Faith    .   K - +2 robe {rN+}
rPois    ∞         Spirit   .   k - +0 helmet
rElec    +         Reflect  +   c - +0 cloak {MR+}
rCorr    .         Harm     .   (no gloves)
MR       ++...                  e - +0 pair of boots (curse)
Stlth    ++........             v - +4 amulet of reflection
HPRegen  0.20/turn              n - ring of attention (curse)
MPRegen  0.16/turn              I - ring of stealth

@: marked
A: negative energy resistance 1, electricity resistance, unbreathing,
petrification resistance, rot immunity, AC +7
a: Renounce Religion


You were on level 10 of the Dungeon.
You worshipped Vehumet.
Vehumet was pleased with you.
You were hungry.

You visited 2 branches of the dungeon, and saw 11 of its levels.

You collected 690 gold pieces.

Inventory:

Hand Weapons
 w - a +4 mace
 x - the +9 flail of Understanding (weapon) {vorpal, rF+ rC- MR+ Dex+2}
   (You found it on level 4 of the Dungeon)

   It inflicts extra damage upon your enemies.
   It affects your dexterity (+2).
   It protects you from fire.
   It makes you vulnerable to cold.
   It affects your resistance to hostile enchantments.
Missiles
 b - 310 stones
 t - 31 poisoned darts (quivered)
 F - 8 boomerangs
Armour
 c - a +0 cloak of magic resistance (worn)
 e - a cursed +0 pair of boots (worn)
 k - a +0 helmet (worn)
 G - a +0 chain mail of fire resistance
 K - a +2 robe of positive energy (worn)
 L - a +0 buckler (worn)
 R - a scarf of cloud immunity
Magical Staves
 O - an uncursed staff of cold {unknown}
Jewellery
 n - a cursed ring of attention (left hand)
 v - a +4 amulet of reflection (around neck)
 I - a ring of stealth (right hand)
 N - an uncursed ring of flight
Wands
 f - a wand of enslavement (10)
 i - a wand of scattershot (7)
 o - a wand of random effects (15)
 M - a wand of iceblast (17)
 S - a wand of polymorph (10)
Scrolls
 h - 2 scrolls of amnesia {unknown}
 m - 4 scrolls of immolation
 p - 5 scrolls of enchant armour
 r - 5 scrolls of remove curse
 s - 6 scrolls of enchant weapon
 y - a scroll of blinking {unknown}
 A - 7 scrolls of teleportation
 C - a scroll of fear {unknown}
 E - a scroll of random uselessness {unknown}
Potions
 a - 2 potions of lignification
 g - 3 potions of stabbing
 j - 2 potions of cancellation
 l - 2 potions of brilliance
 q - 3 potions of heal wounds
 u - a potion of resistance
 z - a potion of degeneration {unknown}
 B - 7 potions of curing
 D - a potion of berserk rage {unknown}
 H - 2 potions of mutation
 J - a potion of haste {unknown}
 P - 2 potions of might
Comestibles
 d - 28 rations
 Q - 3 chunks of flesh


   Skills:
 + Level 7.1 Fighting
 + Level 4.6 Maces & Flails
 + Level 4.7 Armour
 - Level 2.0 Dodging
 - Level 2.1 Stealth
 + Level 3.2 Shields
 + Level 6.0 Spellcasting
 + Level 5.3 Conjurations
   Level 0.7 Transmutations
 * Level 11.1 Earth Magic


You had 12 spell levels left.
You knew the following spells:

 Your Spells              Type           Power        Failure   Level  Hunger
a - Sandblast             Erth           #####.       1%          1    None
b - Stone Arrow           Conj/Erth      ####..       1%          3    ##.....
c - Lee's Rapid Deconstr  Erth           #####.....   4%          5    #####..

Your spell library contained the following spells:

 Spells                   Type           Power        Failure   Level  Hunger
 Conjure Flame            Conj/Fire      ##......     14%         3    ##.....
 Passwall                 Tmut/Erth      ####....     1%          2    None
 Petrify                  Tmut/Erth      ####....     12%         4    ####...
 Corona                   Hex            #......      14%         1    None
 Leda's Liquefaction      Hex/Erth       ###.......   14%         4    ####...
 Slow                     Hex            #.......     21%         2    None
 Confusing Touch          Hex            #.......     38%         3    ##.....
 Gell's Gravitas          Tloc           #.........   38%         3    ##.....
 Inner Flame              Hex/Fire       #.......     38%         3    ##.....
 Portal Projectile        Hex/Tloc       #.....       38%         3    ##.....
 Cause Fear               Hex            #.........   80%         4    ####...
 Yara's Violent Unravell  Hex/Tmut       #.........   97%         5    #####..
 Metabolic Englaciation   Hex/Ice        #.........   98%         5    #####..


Dungeon Overview and Level Annotations

Branches:
Dungeon (10/15)            Temple (1/1) D:4            Lair (0/6) D:9
    Orc (0/2) D:9

Altars:
Ashenzari
Cheibriados
Dithmenos
Elyvilon
Fedhas
Gozag
Hepliaklqana
Kikubaaqudgha
Makhleb
Nemelex Xobeh
Okawaru
Qazlal
Ru
Sif Muna
Trog
Uskayaw
Vehumet
Wu Jian
Xom
Yredelemnul
Zin
The Shining One

Shops:
D:6 !   D:7 *

Annotations:
D:9 3 runed translucent doors, SaintJimmy's ghost, novice SpAs
D:10 Fannar


Innate Abilities, Weirdness & Mutations

You are resistant to torment.
Your stone body is resilient. (AC +7)
You are immune to poison.
You resist negative energy. (rN+)
You are resistant to electric shocks. (rElec)
You can survive without breathing.
You are immune to petrification.
You are immune to rotting.


Message History

The blast of sand hits something!
b - 310 stones Something hits you but does no damage.
You block something's attack. Something hits you but does no damage.
Fannar the Cold-Hearted comes into view.
They are wielding a +0 quarterstaff of freezing and wearing a +1 robe of cold resistance.
Something hits you but does no damage. You block something's attack.
Something hits you but does no damage. The troll bites you!
The troll claws you but does no damage. The troll closely misses you.
Something hits you but does no damage. Something hits you. The troll bites you.
You block the troll's attack. The troll closely misses you. The jelly hits you.
You are splashed with acid!
Something hits you but does no damage.
Fannar casts a spell.
Something hits you!
* * * LOW HITPOINT WARNING * * *
The jelly closely misses you. Something hits you!
* * * LOW HITPOINT WARNING * * *
You are feeling hungry.
Something hits you!
You die...

....#......# ....
....######'#.....
#......)........
#.......########
#.......#
#.......#
+.......#
##...<..#
#..@#### #.J.#
#.T.# #...# #..Y#
#...# #.÷e# #...#
####+#...#


You could see Fannar, a troll, an ice beast and a jelly.

Vanquished Creatures
  Erica (D:10)
  A wizard (D:7)
  An orc sorcerer (D:7)
  A hippogriff (D:8)
  A spriggan (D:7)
  2 basilisks (D:9)
  A hungry ghost (D:8)
  2 wyverns (D:9)
  An acid dragon (D:9)
  A sky beast (D:5)
  A phantom (D:6)
  A black bear (D:6)
  2 ogres (D:7)
  2 centaurs
  2 crocodiles
  A big kobold (D:6)
  5 bullfrogs
  3 scorpions
  2 howler monkeys (D:9)
  2 crimson imps
  2 quasits
  9 hounds
  4 orc priests
  2 jellies
  7 orc wizards
  A centaur skeleton (D:6)
  4 bullfrog skeletons
  2 iguanas
  12 worker ants
  A hound skeleton (D:4)
  2 worker ant zombies
  4 gnolls (D:3)
  5 adders
  2 shadow imps
  An ooze (D:1)
  3 adder skeletons
  2 worms (D:3)
  7 leopard geckos
  34 orcs
  4 giant cockroaches
  6 goblins
  8 hobgoblins
  20 jackals
  3 quokkas
  11 bats
  2 frilled lizards (D:1)
  17 kobolds
  A leopard gecko skeleton (D:7)
  A leopard gecko zombie (D:7)
  2 quokka skeletons (D:4)
  6 rats
218 creatures vanquished.

Notes
Turn   | Place    | Note
-------+----------+-------------------------------------------
     0 | D:1      | BeowulfAlex the Gargoyle Earth Elementalist began the quest
                  | for the Orb.
     0 | D:1      | Reached XP level 1. HP: 10/10 MP: 3/3
    33 | D:1      | Reached XP level 2. HP: 7/16 MP: 0/5
    99 | D:1      | Reached skill level 4 in Earth Magic
   526 | D:1      | Reached skill level 1 in Fighting
   728 | D:1      | Reached XP level 3. HP: 9/20 MP: 2/6
  1892 | D:2      | Learned a level 3 spell: Stone Arrow
  2574 | D:3      | Reached XP level 4. HP: 26/26 MP: 7/7
  2677 | D:3      | Reached skill level 5 in Earth Magic
  2905 | D:3      | Reached XP level 5. HP: 14/30 MP: 9/9
  3639 | D:4      | Got a translucent flail
  3642 | D:4      | Identified the +9 flail of Understanding {vorpal, rF+ rC-
                  | MR+ Dex+2} (You found it on level 4 of the Dungeon)
  3774 | D:4      | Reached skill level 6 in Earth Magic
  3774 | D:4      | Reached XP level 6. HP: 32/36 MP: 10/10
  3889 | D:4      | Found a staircase to the Ecumenical Temple.
  3894 | Temple   | Entered the Ecumenical Temple
  4102 | D:5      | Entered Level 5 of the Dungeon
  4176 | D:5      | Found a sparkling altar of Nemelex Xobeh.
  4183 | D:5      | Noticed a sky beast
  4193 | D:5      | Killed a sky beast
  4562 | D:5      | Found a radiant altar of Vehumet.
  4565 | D:5      | Found an iron altar of Okawaru.
  4568 | D:5      | Found a bloodstained altar of Trog.
  4571 | D:5      | Found a snail-covered altar of Cheibriados.
  4577 | D:5      | Became a worshipper of Vehumet
  4743 | D:5      | Reached skill level 7 in Earth Magic
  4743 | D:5      | Reached XP level 7. HP: 40/41 MP: 12/12
  4850 | D:6      | Reached skill level 1 in Conjurations
  4900 | D:6      | Reached skill level 1 in Maces & Flails
  4957 | D:6      | Reached * piety under Vehumet
  4957 | D:6      | Offered knowledge of Shock by Vehumet.
  5005 | D:6      | Reached XP level 8. HP: 45/48 MP: 14/14
  5020 | D:6      | Reached skill level 8 in Earth Magic
  5202 | D:6      | Found Pomedyasm's Distillery.
  5612 | D:7      | Reached skill level 1 in Armour
  5862 | D:7      | Found Zin's Purification Station.
  5862 | D:7      | Found a glowing silver altar of Zin.
  5876 | D:7      | Offered knowledge of Magic Dart by Vehumet.
  5999 | D:7      | Noticed a wizard
  6000 | D:7      | Noticed an orc sorcerer
  6008 | D:7      | Noticed an orange demon
  6008 | D:7      | Killed an orc sorcerer
  6008 | D:7      | Reached skill level 5 in Fighting
  6008 | D:7      | Reached skill level 9 in Earth Magic
  6008 | D:7      | Reached XP level 9. HP: 37/54 MP: 3/16
  6010 | D:7      | Killed a wizard
  6010 | D:7      | Reached skill level 5 in Spellcasting
  6312 | D:7      | Found a sparkling altar of Nemelex Xobeh.
  6578 | D:8      | Reached skill level 10 in Earth Magic
  6618 | D:8      | Reached skill level 1 in Shields
  6635 | D:8      | Learned a level 5 spell: Lee's Rapid Deconstruction
  6747 | D:8      | Reached XP level 10. HP: 56/61 MP: 8/18
  7040 | D:9      | Found a runed translucent gate.
  7040 | D:9      | Found a runed translucent gate.
  7040 | D:9      | Found a runed translucent gate.
  7042 | D:9      | Found an opulent altar of Gozag.
  7047 | D:9      | Noticed a cyclops
  7047 | D:9      | Noticed SaintJimmy's ghost (novice SpAs)
  7086 | D:8      | Reached ** piety under Vehumet
  7405 | D:9      | Offered knowledge of Conjure Flame by Vehumet.
  7493 | D:9      | Found a staircase to the Lair.
  7504 | D:9      | Reached skill level 5 in Conjurations
  7636 | D:9      | Found a staircase to the Orcish Mines.
  8010 | D:10     | Entered Level 10 of the Dungeon
  8016 | D:10     | Noticed Erica
  8021 | D:10     | Killed Erica
  8021 | D:10     | Reached skill level 11 in Earth Magic
  8086 | D:10     | Noticed Fannar
  8090 | D:10     | HP: 3/63 [something (9)]
  8091 | D:10     | Slain by an unseen horror

Levels and vault maps discovered:
D:1:      heliophobic_arrival_battle_scene, layout_rooms
D:2:      layout_basic
D:3:      layout_loops_cross
D:4:      layout_rooms, minmay_temple_entry_glassed_door, first_ration,
          minmay_checkerbox
D:5:      layout_loops_ring, grunt_temple_overflow_cloverleaf, basic_altar
D:6:      cheibrodos_thug_alley, layout_basic, serial_shops, shop
D:7:      cheibrodos_wizards_tower, layout_basic, old_standard_altar,
          zin_purify, the_bakery
D:8:      layout_basic
D:9:      layout_long_grid, erik_lair_dragon, orc_0_dummy, ebering_ghost_gozag
D:10:     layout_irregular_city, dk_vineyard_2, uniq_harold, uniq_fannar,
          uniq_erica
Temple:   nicolae_temple_elliptical

Skill      XL: |  1  2  3  4  5  6  7  8  9 10 |
---------------+-------------------------------+-----
Earth Magic    | 4 5 6 7 9 10 11 | 11.1
Fighting       | 1 2 3 4 5 6 7 |  7.1
Spellcasting   | 3 4 5 6 |  6.0
Conjurations   | 1 3 4 5 |  5.3
Maces & Flails | 1 2 3 4 |  4.6
Armour         | 2 3 4 |  4.7
Dodging        | 2 |  2.0
Shields        | 1 3 |  3.2
Stealth        | |  2.1
Transmutations | |  0.7

Action                   |  1- 3 |  4- 6 |  7- 9 | 10-12 || total
-------------------------+-------+-------+-------+-------++-------
Melee: Unarmed           |    10 |       |       |       ||    10
       Dagger            |   167 |       |       |       ||   167
       Whip              |    57 |   160 |       |       ||   217
       Flail             |       |    30 |   169 |   115 ||   314
       Mace              |       |     2 |       |       ||     2
Throw: Dart              |       |       |     1 |     1 ||     2
 Cast: Sandblast         |    14 |    27 |    34 |    11 ||    86
       Stone Arrow       |       |     2 |    15 |     9 ||    26
       Lee's Rapid Decon |       |       |       |     1 ||     1
  Use: Scroll            |       |       |    10 |     4 ||    14
 Stab: Sleeping          |     2 |     2 |     2 |     4 ||    10
  Eat: Chunk             |     6 |     7 |     9 |     5 ||    27
Armor: Robe              |   114 |    80 |    89 |    63 ||   346
Dodge: Dodged            |   214 |   165 |   107 |    49 ||   535
Block: Other             |       |     9 |    22 |       ||    31
       Buckler           |       |       |     6 |    48 ||    54
       Reflection        |       |       |       |     2 ||     2

Table legend:
 A = Non-vault XP
 B = Vault XP
 C = Vault XP percentage of total XP
 D = Non-vault monster count
 E = Vault monster count
 F = Vault count percentage of total count
                 A         B        C        D         E       F
            +---------+---------+-------+---------+---------+-------
      Total |    4328 |    3523 |  44.9 |     196 |      22 |  10.1
            +---------+---------+-------+---------+---------+-------
        D:1 |      59 |       0 |   0.0 |      32 |       0 |   0.0
        D:2 |      13 |       0 |   0.0 |       9 |       0 |   0.0
        D:3 |     121 |       0 |   0.0 |      27 |       0 |   0.0
        D:4 |      75 |      82 |  52.2 |       6 |       4 |  40.0
        D:5 |     301 |       0 |   0.0 |       8 |       0 |   0.0
        D:6 |     770 |     116 |  13.1 |      33 |       8 |  19.5
        D:7 |     671 |    1401 |  67.6 |      20 |       3 |  13.0
        D:8 |    1442 |       0 |   0.0 |      29 |       0 |   0.0
        D:9 |     834 |    1027 |  55.2 |      31 |       6 |  16.2
       D:10 |      42 |     897 |  95.5 |       1 |       1 |  50.0
            +---------+---------+-------+---------+---------+-------
